 Dungeon Crawl Stone Soup version 0.29.1-14-g9c671dbff4 (webtiles) character file.

Game seed: 14175933023663550360

4053 Gabide the Grappler (level 10, -8/84 HPs)
             Began as a Black Draconian Transmuter on Feb 14, 2023.
             Was a Believer of Sif Muna.
             Mangled by a yak (13 damage)
             ... on level 8 of the Dungeon on Feb 15, 2023.
             The game lasted 00:17:53 (8896 turns).

Gabide the Grappler (Black Draconian Transmuter)    Turns: 8896, Time: 00:17:54

Health: -8/84      AC:  7    Str: 17    XL:     10   Next: 4%
Magic:  17/19      EV: 14    Int: 13    God:    Sif Muna [**....]
Gold:   494        SH:  0    Dex: 12    Spells: 18/21 levels left

rFire   . . .      SeeInvis .     - Unarmed
rCold   . . .      Faith    +   (no shield)
rNeg    . . .      Spirit   .   (body armour unavailable)
rPois   .          Reflect  .   (helmet currently unavailable)
rElec   +          Harm     .   (no cloak)
rCorr   .          Rampage  .   (no gloves)
Will    .....                   (boots currently unavailable)
Stlth   +.........              g - amulet of faith
HPRegen 0.24/turn               (no ring)
MPRegen 0.16/turn               (no ring)

@: appendages (expiring), wereblooded
A: horns 2, talons 2, breathe lightning, AC +7, unfitting armour, electricity
resistance, cold-blooded
a: Breathe Lightning, End Transformation, Renounce Religion, Channel Magic


You were on level 8 of the Dungeon.
You worshipped Sif Muna.
Sif Muna was pleased with you.
You had temporarily grown beastly horns and talons.
You visited 2 branches of the dungeon, and saw 9 of its levels.

You collected 494 gold pieces.

Inventory:

Hand Weapons
 j - a +3 dagger of venom
Missiles
 t - 5 throwing nets
 A - 6 silver javelins
Jewellery
 g - an amulet of faith (around neck)
 C - a ring of protection from cold
Wands
 r - a wand of paralysis (10)
 v - a wand of flame (7)
Scrolls
 b - 7 scrolls of teleportation
 d - a scroll of vulnerability
 e - a scroll of torment {unknown}
 f - a scroll of poison
 p - a scroll of amnesia {unknown}
 x - a scroll of enchant armour {unknown}
 z - a scroll of magic mapping
 B - a scroll of fear {unknown}
 D - a scroll of butterflies {unknown}
Potions
 a - 2 potions of lignification
 c - 4 potions of heal wounds
 h - 2 potions of curing
 i - 3 potions of brilliance
 k - a potion of resistance {unknown}
 l - 2 potions of attraction
 m - 2 potions of mutation
 n - a potion of haste {unknown}
 o - a potion of magic {unknown}
 q - a potion of ambrosia {unknown}
 s - 4 potions of flight
 u - a potion of invisibility {unknown}
 w - a potion of cancellation {unknown}
 E - a potion of berserk rage {unknown}


   Skills:
 + Level 6.4 Fighting
 + Level 5.8 Dodging
 * Level 8.9 Unarmed Combat
 - Level 6.0 Spellcasting
 - Level 6.0 Transmutations


You had 18 spell levels left.
You knew the following spells:

 Your Spells              Type           Power      Damage    Failure   Level
a - Beastly Appendage     Tmut           38%        N/A       1%          1
b - Wereblood             Tmut           19%        N/A       2%          2

Your spell library contained the following spells:

 Spells                   Type           Power      Damage    Failure   Level
 Spider Form              Tmut/Pois      11%        N/A       14%         3
 Ensorcelled Hibernation  Hex/Ice        6%         N/A       26%         2
 Poisonous Vapours        Pois/Air       6%         N/A       26%         2
 Ice Form                 Ice/Tmut       11%        N/A       43%         4
 Call Canine Familiar     Summ           3%         N/A       45%         3
 Portal Projectile        Hex/Tloc       6%         N/A       45%         3
 Anguish                  Hex/Necr       1%         N/A       86%         4
 Corpse Rot               Necr/Pois/Air  3%         N/A       86%         4
 Leda's Liquefaction      Hex/Erth       1%         N/A       86%         4


Dungeon Overview and Level Annotations

Branches:
Dungeon (8/15)             Temple (1/1) D:5
   Lair: D:8-11

Altars:
Ashenzari
Cheibriados
Dithmenos
Elyvilon
Fedhas
Gozag
Hepliaklqana
Kikubaaqudgha
Makhleb
Nemelex Xobeh
Okawaru
Qazlal
Ru
Sif Muna
Trog
Uskayaw
Vehumet
Wu Jian
Xom
Yredelemnul
Zin
The Shining One

Shops:
D:1 (

Annotations:
D:6 2 transporters


Innate Abilities, Weirdness & Mutations

You have temporarily grown beastly horns and talons.
You can breathe wild blasts of lightning.
Your glossy black scales are hard. (AC +7)
You cannot fit into any form of body armour.
You are resistant to electric shocks. (rElec)
You are cold-blooded and may be slowed by cold attacks.


Message History

The yak barely misses you. The yak gores you but does no damage.
The centaur shoots an arrow.
The arrow hits you.
Your transformation is almost over.
The centaur unwields a +0 shortbow.
The centaur closely misses you.
The centaur kicks you but does no damage.
The yak gores you but does no damage. The yak misses you.
You punch the centaur! You claw the centaur.
Your tail-slap misses the centaur.
The centaur is severely wounded.
The centaur hits you but does no damage.
The centaur closely misses you. The yak gores you. The yak gores you!
The centaur barely misses you.
The centaur kicks you but does no damage.
You hit the centaur. You headbutt the centaur.
You kill the centaur!
Sif Muna accepts your kill. The yak gores you. x2
* * * LOW HITPOINT WARNING * * *
You feel much better. The orc hits you but does no damage.
The ice beast barely misses you. The yak gores you! x2
You are too injured to fight recklessly!
Casting: Wereblood (safe; 2% risk of failure)
Press: ? - help, Q - select action, (/) - cycle Dir - look around, f - activate Your blood is infused with primal strength.
The orc misses you.
The ice beast hits you but does no damage.
The yak misses you. The yak completely misses you.
You punch the orc!
You feel a bit better.
You kill the orc!
Sif Muna accepts your kill.
You howl as the wereblood boils in your veins!
The ice beast barely misses you. The yak gores you.
* * * LOW HITPOINT WARNING * * *
The yak closely misses you.
You closely miss the ice beast. Your kick misses the ice beast.
The ice beast hits you.
* * * LOW HITPOINT WARNING * * *
The ice beast freezes you!
* * * LOW HITPOINT WARNING * * *
The yak gores you!
You die...

#......# ###
#......# ...
###.....)#####.##..
#.......)..<.......
#.......)..........
#..!......)†...Y.o.
#........o)#######.
#.......YYY#
######..)@.#
#.)#### .....#
#.....o #......
#...... #......
#......


You could see 2 yaks, an ice beast and an orc.

Vanquished Creatures
  Pikel (D:5)
  Prince Ribbit (D:5)
  Sigmund (D:3)
  A yak (D:8)
  A steam dragon (D:8)
  Edmund (D:5)
  2 ice beasts (D:7)
  An orc warrior (D:8)
  A sky beast (D:6)
  2 black bears
  An ogre (D:7)
  4 centaurs
  A bullfrog (D:7)
  3 necrophages
  7 scorpions
  A water moccasin zombie (D:5)
  3 wights (D:7)
  2 human zombies (D:5)
  2 hounds (D:4)
  2 jellies (D:6)
  2 orc priests
  A gnoll bouda (D:8)
  Jessica (D:2)
  4 iguanas
  Terence (D:2)
  2 scorpion zombies (D:5)
  8 orc wizards
  15 gnolls
  A howler monkey zombie (D:5)
  8 adders
  2 shadow imps (D:6)
  A white imp (D:6)
  2 ufetubi
  An adder zombie (D:5)
  3 worms
  A dart slug (D:3)
  16 orcs
  9 ball pythons
  4 bats
  6 endoplasms
  3 giant cockroaches
  10 goblins
  3 hobgoblins
  3 jackals (D:1)
  7 kobolds
  5 quokkas
  4 frilled lizards
  5 rats
166 creatures vanquished.

Notes
Turn   | Place    | Note
-------+----------+-------------------------------------------
     0 | D:1      | Gabide the Draconian Transmuter began the quest for the
                  | Orb.
     0 | D:1      | Reached XP level 1. HP: 16/16 MP: 3/3
   119 | D:1      | Reached XP level 2. HP: 11/24 MP: 5/5
   611 | D:1      | Reached XP level 3. HP: 18/29 MP: 6/6
  1082 | D:1      | Found Nuyrotod's Antique Weapon Boutique.
  1102 | D:1      | Found a faded altar of an unknown god.
  1332 | D:1      | Reached skill level 4 in Unarmed Combat
  1557 | D:2      | Noticed Jessica
  1561 | D:2      | Killed Jessica
  1562 | D:2      | Reached XP level 4. HP: 36/36 MP: 5/7
  1717 | D:2      | Noticed Terence
  1733 | D:2      | Killed Terence
  2482 | D:3      | Reached XP level 5. HP: 18/41 MP: 9/9
  2737 | D:3      | Noticed Sigmund
  2745 | D:3      | Killed Sigmund
  2746 | D:3      | Reached XP level 6. HP: 43/50 MP: 8/12
  2810 | D:3      | Found a hide-covered altar of Uskayaw.
  2813 | D:3      | Found an ancient bone altar of Kikubaaqudgha.
  3437 | D:4      | Your scales start taking on a glossy black colour.
  3437 | D:4      | Reached XP level 7. HP: 30/57 MP: 13/13
  3437 | D:4      | Gained mutation: You are resistant to electric shocks.
                  | (rElec) [Black Draconian growth]
  3918 | D:5      | Entered Level 5 of the Dungeon
  3998 | D:5      | Noticed Pikel
  4002 | D:5      | Found a basalt altar of Yredelemnul.
  4010 | D:5      | Killed Pikel
  4011 | D:5      | Reached skill level 6 in Unarmed Combat
  4011 | D:5      | Reached XP level 8. HP: 48/66 MP: 14/14
  4018 | D:5      | Noticed Edmund
  4184 | D:5      | Killed Edmund
  4185 | D:5      | Reached skill level 5 in Transmutations
  4272 | D:5      | Found an ornate altar of the Wu Jian Council.
  4788 | D:5      | Found a staircase to the Ecumenical Temple.
  4812 | D:5      | Reached skill level 5 in Spellcasting
  4823 | Temple   | Entered the Ecumenical Temple
  5157 | Temple   | Learned a level 2 spell: Wereblood
  5236 | Temple   | Became a worshipper of Sif Muna the Loreminder
  5711 | D:5      | Noticed Prince Ribbit
  5717 | D:5      | Killed Prince Ribbit
  6203 | D:6      | Reached XP level 9. HP: 21/72 MP: 15/18
  6235 | D:6      | Reached skill level 7 in Unarmed Combat
  6424 | D:6      | Reached skill level 5 in Fighting
  6973 | D:6      | Found a transporter.
  6974 | D:6      | Noticed a kobold demonologist
  6982 | D:6      | Noticed a kobold demonologist
  6992 | D:6      | Found a transporter.
  7055 | D:6      | Reached * piety under Sif Muna
  7461 | D:7      | Found a stormy altar of Qazlal.
  7680 | D:7      | Reached skill level 5 in Dodging
  8040 | D:7      | Reached skill level 8 in Unarmed Combat
  8879 | D:8      | Reached XP level 10. HP: 53/84 MP: 19/19
  8884 | D:8      | Reached ** piety under Sif Muna
  8896 | D:8      | Mangled by a yak

Illustrated notes

Levels and vault maps discovered:
D:1:      mrwooster_arrival_statue_2, layout_basic,
          ebering_ecumenical_altar_abandoned, serial_shops,
          nicolae_lakefront_shop, serial_curves, eino_curves_02, eino_curves_03,
          minmay_surrounded
D:2:      layout_rooms, uniq_terence, uniq_jessica
D:3:      layout_basic, nicolae_overflow_hidden_temple, uniq_sigmund
D:4:      layout_cave_pools
D:5:      layout_basic, nicolae_wu_jian_wuxing_cycle,
          nicolae_yredelemnul_corpse_copse, temple_fountains, enter_ossuary_3,
          uniq_edmund, uniq_pikel, uniq_prince_ribbit1
D:6:      gammafunk_wand_slinger, layout_basic,
          minmay_fractal_squares_diagonal_5
D:7:      layout_basic, nicolae_qazlal_general_emergency
D:8:      layout_rooms
Temple:   minmay_temple_bridge_d

Skill      XL: |  1  2  3  4  5  6  7  8  9 |
---------------+----------------------------+-----
Dodging        | 2 3 4 5 |  5.8
Fighting       | 2 3 4 6 |  6.4
Unarmed Combat | 4 6 8 |  8.9
Transmutations | 3 4 6 |  6.0
Spellcasting   | 3 4 6 |  6.0

Action                   |  1- 3 |  4- 6 |  7- 9 | 10-12 || total
-------------------------+-------+-------+-------+-------++-------
Melee: Unarmed           |   119 |    63 |   272 |    13 ||   467
       Kick              |    18 |    28 |    63 |     4 ||   113
       Tailslap          |     9 |    13 |    54 |       ||    76
       Headbutt          |     7 |    12 |    60 |     4 ||    83
       Punch             |     3 |     1 |    20 |     1 ||    25
       Dagger            |       |    52 |    30 |       ||    82
 Cast: Beastly Appendage |    16 |    19 |    38 |       ||    73
       Wereblood         |       |       |    16 |     1 ||    17
 Abil: Breathe Lightning |       |       |    11 |       ||    11
  Use: Scroll            |       |     6 |     5 |       ||    11
       Potion            |       |     1 |     1 |     1 ||     3
Armor: Skin              |    51 |    47 |   118 |    12 ||   228
Dodge: Dodged            |    85 |    81 |   202 |    13 ||   381
